 Dungeon Crawl Stone Soup version 0.19-a0-1875-g4fea3da (webtiles) character file.

140 Ijustatesigmund the Skirmisher (level 5, 0/35 HPs)
             Began as a Gargoyle Monk on Oct 13, 2016.
             Slain by a jelly (1 damage)
             ... on level 3 of the Dungeon.
             The game lasted 00:06:26 (2277 turns).

Ijustatesigmund the Skirmisher (Gargoyle Monk)      Turns: 2277, Time: 00:06:27

Health: 0/35       AC: -6    Str: 20    XL:     5   Next: 22%
Magic:  0/5        EV: 11    Int: 10    God:
Gold:   173        SH:  0    Dex: 13    Spells: 0 memorised, 4 levels left

rFire  . . .     SeeInvis .     a - +0 mace
rCold  . . .     Gourm    .     e - +0 ring mail
rNeg   + . .     Faith    .     (no shield)
rPois  ∞         Spirit   +     (no helmet)
rElec  +         Dismiss  .     j - +0 cloak
rCorr  .         Reflect  .     (no gloves)
MR     .....     Harm     .     (no boots)
Stlth  +.........               d - amulet of guardian spirit
                                (no ring)
                                (no ring)

@: mighty, corroded
A: negative energy resistance 1, electricity resistance, unbreathing,
petrification resistance, rot immunity, AC +4
a: no special abilities


You were on level 3 of the Dungeon.
You were not hungry.

You visited 1 branch of the dungeon, and saw 3 of its levels.

You collected 173 gold pieces.

Inventory:

Hand Weapons
 a - a +0 mace (weapon)
Missiles
 n - 2 javelins (quivered)
Armour
 e - a +0 ring mail (worn)
 j - a +0 cloak (worn)
Jewellery
 d - an amulet of guardian spirit (around neck)
 g - an uncursed ring of fire
Scrolls
 f - 2 scrolls of remove curse
Potions
 b - a potion of brilliance
 k - a potion of ambrosia
 m - a potion of might
 p - a potion of cure mutation
Comestibles
 c - 6 bread rations
 h - a beef jerky
 l - 3 meat rations


   Skills:
 + Level 5.0 Fighting
 + Level 4.6 Maces & Flails
 - Level 2.4 Dodging
 - Level 2.1 Stealth


You had 4 spell levels left.
You didn't know any spells.

Dungeon Overview and Level Annotations

Branches:
Dungeon (3/15)

Altars:
Cheibriados
Uskayaw

Annotations:
D:2 1 runed door


Innate Abilities, Weirdness & Mutations

You are resistant to torment.
Your stone body is resilient. (AC +4)
You are immune to poison.
You resist negative energy. (rN+)
You are resistant to electric shocks. (rElec)
You can survive without breathing.
You are immune to petrification.
You are immune to rotting.


Message History

The acid burns!
* * * LOW HITPOINT WARNING * * *
You are too injured to fight recklessly!
You are too injured to fight recklessly!
You are too injured to fight recklessly!
Okay, then.
Okay, then.
You feel very mighty all of a sudden. The jelly barely misses you.
You sock the jelly! The acid corrodes you!
Your hands burn!
The jelly is almost dead.
The jelly closely misses you.
You hit the jelly but do no damage.
Your hands burn!
* * * LOW HITPOINT WARNING * * *
The jelly is almost dead.
The jelly misses you.
Your ring mail prevents you from hitting the jelly.
The jelly is almost dead.
The jelly hits you.
You die...

#.##.... #.......
######## #######
#....... #.......
#.......
###########+#####.......
.......@J......##.....).
######.####.#####.......
#. #.#####....... #.
#............. #.
########.##### #. #.# #.
#.# #. #.# #.#


You could see a jelly.

Vanquished Creatures
  Terence (D:3)
  4 adders
  An ooze (D:1)
  2 worms
  3 dart slugs (D:1)
  2 leopard geckos
  A ball python (D:1)
  3 giant cockroaches
  6 goblins
  5 hobgoblins
  8 jackals
  6 kobolds
  8 bats
  A frilled lizard (D:1)
  A goblin skeleton (D:2)
  A goblin zombie (D:2)
  10 rats
63 creatures vanquished.

Notes
Turn   | Place    | Note
-------+----------+-------------------------------------------
     0 | D:1      | Ijustatesigmund the Gargoyle Monk began the quest for the Orb.
     0 | D:1      | Reached XP level 1. HP: 14/14 MP: 1/1
   284 | D:1      | Reached XP level 2. HP: 16/19 MP: 0/2
   609 | D:1      | Reached XP level 3. HP: 23/24 MP: 0/3
   690 | D:1      | Reached skill level 4 in Fighting
  1207 | D:2      | Found a runed door.
  1207 | D:2      | Noticed a human
  1500 | D:2      | Reached XP level 4. HP: 28/29 MP: 4/4
  1661 | D:2      | Found a hide-covered altar of Uskayaw.
  1673 | D:2      | Found a snail-covered altar of Cheibriados.
  2138 | D:3      | Noticed Terence
  2144 | D:3      | Reached XP level 5. HP: 34/34 MP: 5/5
  2156 | D:3      | Killed Terence
  2156 | D:3      | Reached skill level 5 in Fighting
  2268 | D:3      | HP: 1/35 [acid (10)]
  2276 | D:3      | HP: 1/35 [acid (1)]
  2277 | D:3      | Slain by a jelly

Vault maps used:
D:1:      wheals_arrival_shading, minmay_cut_off
D:2:      minitemple, dk_yredelemnul_ordeal
D:3:      vehumet_crystals, first_bread, uniq_terence

Skill      XL: |  1  2  3  4  5 |
---------------+----------------+-----
Fighting       | 4 5 |  5.0
Maces & Flails | 4 |  4.6
Dodging        | |  2.4
Stealth        | |  2.1

Action                   |  1- 3 |  4- 6 || total
-------------------------+-------+-------++-------
Melee: Mace              |   129 |   113 ||   242
  Use: Scroll            |     8 |     3 ||    11
       Potion            |       |     1 ||     1
 Stab: Sleeping          |     3 |     2 ||     5
  Eat: Chunk             |     2 |     3 ||     5
Armor: Robe              |     4 |       ||     4
       Ring mail         |    58 |    63 ||   121
Dodge: Dodged            |    84 |    94 ||   178
